 Dungeon Crawl Stone Soup version 0.23.0-3-gf3c87f2 (webtiles) character file.

Game seed: 17739488492537106328

16372 inmateoo the Martial Artist (level 12, 0/91 HPs)
             Began as a Gnoll Transmuter on Feb 21, 2019.
             Slain by a wyvern (11 damage)
             ... on level 12 of the Dungeon.
             The game lasted 00:17:14 (13990 turns).

inmateoo the Martial Artist (Gnoll Transmuter)     Turns: 13990, Time: 00:17:15

Health: 0/91       AC:  6    Str: 12    XL:     12   Next: 36%
Magic:  19/24      EV: 18    Int: 21    God:
Gold:   952        SH:  0    Dex: 16    Spells: 12/28 levels left

rFire    + . .     SeeInvis .     - Unarmed
rCold    + + .     Gourm    .   (shield currently unavailable)
rNeg     . . .     Faith    .   s - +0 steam dragon scales
rPois    .         Spirit   .   (no helmet)
rElec    .         Reflect  .   B - scarf {rC+ rF+}
rCorr    .         Harm     .   (gloves currently unavailable)
MR       .....                  (no boots)
Stlth    ++++......             (no amulet)
HPRegen  0.25/turn              n - ring of wizardry
MPRegen  0.19/turn              t - ring of protection from cold

@: lethally poisoned (0 -> -2), blade hands
A: distributed training, fangs 1, strong nose
a: End Transformation


You were on level 12 of the Dungeon.
You were hungry.
You had blades for hands.
You visited 1 branch of the dungeon, and saw 12 of its levels.

You collected 952 gold pieces.

Inventory:

Hand Weapons
 g - a +3 dagger of draining
 u - a +6 war axe
 L - a +0 longbow
Missiles
 a - 272 arrows
 p - 3 javelins (quivered)
Armour
 s - +0 steam dragon scales (worn)
 B - a scarf of resistance (worn)
 E - a +0 pair of gloves (melded)
 H - a +0 shield
Jewellery
 n - a ring of wizardry (left scythe-like blade)
 t - a ring of protection from cold (right scythe-like blade)
 G - an uncursed ring of ice {unknown}
 J - an uncursed ring of protection from fire {unknown}
 P - an uncursed ring of protection from cold
Wands
 f - a wand of acid (8)
 w - a wand of enslavement (2)
 y - a wand of flame (42)
 z - a wand of random effects (18)
 A - a wand of digging (6)
 I - a wand of disintegration (16)
Scrolls
 h - 4 scrolls of amnesia
 r - 3 scrolls of remove curse
 v - a scroll of enchant armour
 x - a scroll of fear
 D - 2 scrolls of blinking
 K - 2 scrolls of teleportation
 M - a scroll of fog
 O - a scroll of summoning
 Q - 2 scrolls of identify
Potions
 b - a potion of brilliance
 c - 4 potions of curing
 e - 2 potions of heal wounds
 i - a potion of ambrosia
 j - 2 potions of agility {unknown}
 k - 4 potions of haste {unknown}
 l - 3 potions of cancellation {unknown}
 m - 2 potions of magic
 o - 2 potions of lignification
 q - a potion of berserk rage
 C - a potion of might
 F - 2 potions of flight
 N - a potion of invisibility
 R - a potion of mutation {unknown}
Comestibles
 d - 19 rations
 S - 4 chunks of flesh


   Skills:
 + Level 7.6 Fighting
 + Level 7.1 Short Blades
 + Level 7.1 Long Blades
 + Level 7.1 Axes
 + Level 7.1 Maces & Flails
 + Level 7.1 Polearms
 + Level 7.1 Staves
 + Level 7.1 Slings
 + Level 7.1 Bows
 + Level 7.1 Crossbows
 + Level 7.1 Throwing
 + Level 7.1 Armour
 + Level 8.5 Dodging
 + Level 7.1 Stealth
 + Level 7.1 Shields
 + Level 9.7 Unarmed Combat
 + Level 8.8 Spellcasting
 + Level 5.9 Conjurations
 + Level 5.9 Hexes
 + Level 5.9 Charms
 + Level 5.9 Summonings
 + Level 5.9 Necromancy
 + Level 5.9 Translocations
 + Level 7.1 Transmutations
 + Level 5.9 Fire Magic
 + Level 5.9 Ice Magic
 + Level 5.9 Air Magic
 + Level 5.9 Earth Magic
 + Level 5.9 Poison Magic
 + Level 7.8 Invocations
 + Level 7.1 Evocations


You had 12 spell levels left.
You knew the following spells:

 Your Spells              Type           Power        Failure   Level  Hunger
a - Beastly Appendage     Tmut           #####.       4%          1    None
b - Sticks to Snakes      Tmut           #####...     5%          2    None
c - Spider Form           Tmut/Pois      #####.....   8%          3    None
d - Ice Form              Ice/Tmut       #####...     13%         4    ###....
e - Blade Hands           Tmut           #####.....   21%         5    #####..
f - Apportation           Tloc           ####..       5%          1    None

Your spell library contained the following spells:

 Spells                   Type           Power        Failure   Level  Hunger
 Shock                    Conj/Air       ####         5%          1    None
 Summon Butterflies       Summ           ####....     5%          1    None
 Swiftness                Chrm/Air       ####....     6%          2    None
 Lesser Beckoning         Tloc           ####......   9%          3    None
 Static Discharge         Conj/Air       ####....     9%          3    None
 Tukima's Dance           Hex            ####....     9%          3    None
 Airstrike                Air            ####......   16%         4    ###....
 Alistair's Intoxication  Tmut/Pois      #####...     26%         5    #####..
 Lightning Bolt           Conj/Air       ####......   30%         5    #####..
 Invisibility             Hex            ####....     69%         6    ######.


Dungeon Overview and Level Annotations

Branches:
Dungeon (12/15)            Temple (0/1) D:7            Lair (0/6) D:10
    Orc (0/2) D:10

Altars:
Dithmenos
Hepliaklqana
Okawaru
Ru
Sif Muna
Yredelemnul

Annotations:
D:11 1 runed translucent door, Amon001's ghost, journeyman GnWn
D:12 Fannar


Innate Abilities, Weirdness & Mutations

Your experience applies equally to all skills.
You have very sharp teeth.
Your uncanny sense of smell can sniff out nearby items.


Message History

Confirm with . or Enter, or press ? or * to list all spells.
Your hands turn into razor-sharp scythe blades.
Your +0 pair of gloves melds into your body.
You feel sick.
Your wyvern bites the orc warrior but does no damage.
The orc warrior hits your wyvern with a +0 battleaxe!
The orc warrior hits you with a +0 battleaxe!
* * * LOW HITPOINT WARNING * * *
Unknown command.
Unknown command.
You catch the helpless orc warrior completely off-guard!
You slash the orc warrior!
You kill the orc warrior!
Unknown command.
Unknown command.
Really attack your wyvern?
You barely miss your wyvern.
The wyvern is no longer charmed.
The wyvern is heavily wounded.
You feel sick. The wyvern bites you!
You die...

###............#..##
#####............####
.#..............##
.................###
.............#.....#
..#.##.......##..###
..####......###..## ..#
##......#.)..## #.##
#.#....#.l@..#
#..###.##......)))....#
#.##.......###..).....#
...........#..........#
>..........##........##
..........# #....##.##
..)........ #..... ##
.......##.. ......
.##...##


You could see a wyvern.

Vanquished Creatures
  A centaur warrior (D:10)
  2 two-headed ogres
  2 unseen horrors
  2 cyclopes
  An ugly thing (D:10)
  2 centaur zombies (D:12)
  A gargoyle (D:10)
  2 trolls (D:12)
  3 hippogriffs
  A hornet (D:10)
  A wyvern (D:11)
  9 yaks (D:10)
  Eustachio (D:6)
  3 hungry ghosts
  A steam dragon (D:9)
  A soldier ant (D:10)
  A water moccasin (D:12)
  4 porcupines (D:10)
  9 orc warriors
  A sky beast (D:12)
  4 black bears
  2 ice beasts
  6 phantoms
  5 ogres
  5 centaurs
  A crocodile (D:10)
  2 big kobolds (D:10)
  14 bullfrogs
  A gnoll sergeant (D:11)
  A scorpion (D:6)
  A troll zombie (D:10)
  4 killer bees (D:12)
  5 wights (D:9)
  5 howler monkeys
  16 crimson imps
  A gnoll shaman (D:10)
  6 hounds
  4 jellies
  9 orc priests
  A bullfrog skeleton (D:7)
  3 centaur skeletons
  6 iguanas
  14 orc wizards
  13 worker ants
  7 ogre zombies (D:10)
  A hound zombie (D:2)
  12 gnolls
  13 adders
  4 shadow imps
  3 adder zombies
  4 worms
  A dart slug (D:2)
  2 leopard geckos
  49 orcs
  3 ball pythons
  8 goblins
  5 hobgoblins
  4 jackals (D:3)
  18 kobolds
  8 quokkas
  8 bats
  3 frilled lizards
  A goblin skeleton (D:10)
  3 goblin zombies (D:10)
  3 hobgoblin zombies (D:10)
  A leopard gecko zombie (D:5)
  6 orc skeletons (D:10)
  12 orc zombies (D:10)
  4 rats
  A spectral orc (D:8)
  A toadstool (D:12)
362 creatures vanquished.

Vanquished Creatures (collateral kills)
  A bullfrog (D:11)
  A bullfrog zombie (D:12)
  An orc priest (D:12)
  An orc (D:12)
4 creatures vanquished.

Vanquished Creatures (others)
  A troll (D:12)
  2 killer bees (D:12)
  49 fungi
  40 plants
  2 toadstools (D:12)
94 creatures vanquished.

Grand Total: 460 creatures vanquished

Notes
Turn   | Place    | Note
-------+----------+-------------------------------------------
     0 | D:1      | inmateoo the Gnoll Transmuter began the quest for the Orb.
     0 | D:1      | Reached XP level 1. HP: 17/17 MP: 6/6
    68 | D:1      | Reached XP level 2. HP: 22/23 MP: 7/7
   602 | D:2      | Reached XP level 3. HP: 28/28 MP: 9/9
   656 | D:1      | Learned a level 2 spell: Sticks to Snakes
   660 | D:1      | Learned a level 3 spell: Spider Form
   771 | D:2      | Reached skill level 5 in Spellcasting
   771 | D:2      | Reached skill level 1 in Invocations
   982 | D:2      | Reached skill level 1 in Short Blades
   982 | D:2      | Reached skill level 1 in Long Blades
   982 | D:2      | Reached skill level 1 in Axes
   982 | D:2      | Reached skill level 1 in Maces & Flails
   982 | D:2      | Reached skill level 1 in Polearms
   982 | D:2      | Reached skill level 1 in Staves
   982 | D:2      | Reached skill level 1 in Slings
   982 | D:2      | Reached skill level 1 in Bows
   982 | D:2      | Reached skill level 1 in Crossbows
   982 | D:2      | Reached skill level 1 in Throwing
   982 | D:2      | Reached skill level 1 in Armour
   982 | D:2      | Reached skill level 1 in Stealth
   982 | D:2      | Reached skill level 1 in Shields
   982 | D:2      | Reached skill level 1 in Evocations
   992 | D:2      | Reached XP level 4. HP: 27/34 MP: 11/11
  1309 | D:2      | Reached skill level 1 in Conjurations
  1309 | D:2      | Reached skill level 1 in Hexes
  1309 | D:2      | Reached skill level 1 in Charms
  1309 | D:2      | Reached skill level 1 in Summonings
  1309 | D:2      | Reached skill level 1 in Necromancy
  1309 | D:2      | Reached skill level 1 in Translocations
  1309 | D:2      | Reached skill level 1 in Fire Magic
  1309 | D:2      | Reached skill level 1 in Ice Magic
  1309 | D:2      | Reached skill level 1 in Air Magic
  1309 | D:2      | Reached skill level 1 in Earth Magic
  1309 | D:2      | Reached skill level 1 in Poison Magic
  1702 | D:2      | Reached XP level 5. HP: 34/40 MP: 12/12
  2256 | D:3      | Learned a level 4 spell: Ice Form
  2317 | D:4      | Reached XP level 6. HP: 32/47 MP: 13/13
  2513 | D:4      | Reached skill level 5 in Dodging
  2628 | D:4      | Noticed an orc warrior
  2637 | D:5      | Entered Level 5 of the Dungeon
  2645 | D:5      | Killed an orc warrior
  2763 | D:4      | Reached XP level 7. HP: 38/52 MP: 9/15
  2849 | D:4      | Reached skill level 7 in Unarmed Combat
  3293 | D:4      | Found a deep blue altar of Sif Muna.
  3729 | D:5      | Learned a level 5 spell: Blade Hands
  3825 | D:5      | Found a hazy altar of Hepliaklqana.
  4139 | D:5      | Reached XP level 8. HP: 44/60 MP: 16/16
  4640 | D:6      | Noticed Eustachio
  4673 | D:6      | Killed Eustachio
  5670 | D:7      | Reached XP level 9. HP: 44/66 MP: 18/18
  5693 | D:7      | Reached skill level 5 in Transmutations
  5928 | D:7      | HP: 1/66 [orc priest/divine providence (12)]
  6459 | D:7      | Found a shadowy altar of Dithmenos.
  6459 | D:7      | Found an iron altar of Okawaru.
  6459 | D:7      | Found a sacrificial altar of Ru.
  6547 | D:7      | Found a staircase to the Ecumenical Temple.
  6631 | D:7      | Reached skill level 5 in Fighting
  6924 | D:8      | Reached skill level 8 in Unarmed Combat
  6949 | D:8      | Found a basalt altar of Yredelemnul.
  7129 | D:8      | Reached skill level 5 in Invocations
  7980 | D:9      | Reached XP level 10. HP: 74/74 MP: 14/20
  8419 | D:9      | Reached skill level 5 in Short Blades
  8419 | D:9      | Reached skill level 5 in Long Blades
  8419 | D:9      | Reached skill level 5 in Axes
  8419 | D:9      | Reached skill level 5 in Maces & Flails
  8419 | D:9      | Reached skill level 5 in Polearms
  8419 | D:9      | Reached skill level 5 in Staves
  8419 | D:9      | Reached skill level 5 in Slings
  8419 | D:9      | Reached skill level 5 in Bows
  8419 | D:9      | Reached skill level 5 in Crossbows
  8419 | D:9      | Reached skill level 5 in Throwing
  8419 | D:9      | Reached skill level 5 in Armour
  8419 | D:9      | Reached skill level 5 in Stealth
  8419 | D:9      | Reached skill level 5 in Shields
  8419 | D:9      | Reached skill level 5 in Evocations
  9252 | D:10     | Entered Level 10 of the Dungeon
  9277 | D:10     | Found a staircase to the Orcish Mines.
  9566 | D:10     | Paralysed by a hornet for 1 turns
  9794 | D:10     | Killed an unseen horror
  9794 | D:10     | Reached XP level 11. HP: 31/82 MP: 17/22
  9900 | D:10     | Noticed a two-headed ogre
  9908 | D:10     | Killed a two-headed ogre
  9961 | D:10     | Reached skill level 9 in Unarmed Combat
 10310 | D:10     | Noticed a centaur warrior
 10315 | D:10     | Reached skill level 5 in Conjurations
 10315 | D:10     | Reached skill level 5 in Hexes
 10315 | D:10     | Reached skill level 5 in Charms
 10315 | D:10     | Reached skill level 5 in Summonings
 10315 | D:10     | Reached skill level 5 in Necromancy
 10315 | D:10     | Reached skill level 5 in Translocations
 10315 | D:10     | Reached skill level 5 in Fire Magic
 10315 | D:10     | Reached skill level 5 in Ice Magic
 10315 | D:10     | Reached skill level 5 in Air Magic
 10315 | D:10     | Reached skill level 5 in Earth Magic
 10315 | D:10     | Reached skill level 5 in Poison Magic
 10320 | D:10     | Killed a centaur warrior
 10379 | D:10     | Noticed a purple ugly thing
 10386 | D:10     | Noticed an orb spider
 10386 | D:10     | a yak changed into an orb spider
 10402 | D:10     | Noticed a salamander
 10405 | D:10     | HP: 3/83 [salamander (shapeshifter) (10)]
 10816 | D:10     | Noticed an alligator snapping turtle
 10837 | D:10     | Noticed a dire elephant
 10843 | D:10     | Killed a purple ugly thing
 10878 | D:10     | Noticed an alligator snapping turtle
 10878 | D:10     | a dire elephant changed into an alligator snapping turtle
 11383 | D:10     | Found a staircase to the Lair.
 12005 | D:10     | Identified a scroll of acquirement
 12335 | D:11     | Learned a level 1 spell: Apportation
 12792 | D:11     | Noticed a two-headed ogre
 12801 | D:11     | Killed a two-headed ogre
 12801 | D:11     | Reached XP level 12. HP: 44/91 MP: 18/24
 13197 | D:11     | Found a runed translucent door.
 13200 | D:11     | Noticed Amon001's ghost (journeyman GnWn)
 13200 | D:11     | Identified the +7 spear "Beetleslayer" {pierce, rF+ MR+
                  | Int+6}
 13201 | D:11     | Noticed a spriggan rider
 13517 | D:12     | Noticed Fannar
 13990 | D:12     | Slain by a wyvern

Skill      XL: |  1  2  3  4  5  6  7  8  9 10 11 12 |
---------------+-------------------------------------+-----
Spellcasting   | 5 6 7 8 |  8.8
Invocations    | 1 2 3 4 5 6 7 |  7.8
Short Blades   | 1 2 3 4 5 6 7 |  7.1
Long Blades    | 1 2 3 4 5 6 7 |  7.1
Axes           | 1 2 3 4 5 6 7 |  7.1
Maces & Flails | 1 2 3 4 5 6 7 |  7.1
Polearms       | 1 2 3 4 5 6 7 |  7.1
Staves         | 1 2 3 4 5 6 7 |  7.1
Slings         | 1 2 3 4 5 6 7 |  7.1
Bows           | 1 2 3 4 5 6 7 |  7.1
Crossbows      | 1 2 3 4 5 6 7 |  7.1
Throwing       | 1 2 3 4 5 6 7 |  7.1
Armour         | 1 2 3 4 5 6 7 |  7.1
Stealth        | 1 2 3 4 5 6 7 |  7.1
Shields        | 1 2 3 4 5 6 7 |  7.1
Evocations     | 1 2 3 4 5 6 7 |  7.1
Conjurations   | 1 2 3 4 5 |  5.9
Hexes          | 1 2 3 4 5 |  5.9
Charms         | 1 2 3 4 5 |  5.9
Summonings     | 1 2 3 4 5 |  5.9
Necromancy     | 1 2 3 4 5 |  5.9
Translocations | 1 2 3 4 5 |  5.9
Fire Magic     | 1 2 3 4 5 |  5.9
Ice Magic      | 1 2 3 4 5 |  5.9
Air Magic      | 1 2 3 4 5 |  5.9
Earth Magic    | 1 2 3 4 5 |  5.9
Poison Magic   | 1 2 3 4 5 |  5.9
Fighting       | 3 4 5 6 7 |  7.6
Transmutations | 4 5 6 7 |  7.1
Dodging        | 5 6 7 8 |  8.5
Unarmed Combat | 7 8 9 |  9.7

Action                   |  1- 3 |  4- 6 |  7- 9 | 10-12 || total
-------------------------+-------+-------+-------+-------++-------
Melee: Unarmed           |    16 |    28 |   191 |   584 ||   819
       Bite              |     8 |    14 |    47 |    40 ||   109
       Punch             |     1 |     2 |     9 |    24 ||    36
       Kick              |     1 |     3 |       |       ||     4
       Dagger            |    59 |   102 |   176 |       ||   337
       War axe           |       |       |    38 |       ||    38
Throw: Javelin           |       |       |       |     1 ||     1
 Cast: Beastly Appendage |     1 |     1 |       |       ||     2
       Spider Form       |       |     3 |     5 |       ||     8
       Blade Hands       |       |       |    10 |    39 ||    49
       Sticks to Snakes  |       |       |       |    15 ||    15
Evoke: Wand              |       |       |       |     8 ||     8
  Use: Scroll            |       |     7 |    12 |     9 ||    28
       Potion            |       |       |     1 |     2 ||     3
 Stab: Sleeping          |     3 |     2 |    10 |     8 ||    23
       Distracted        |       |       |       |     2 ||     2
  Eat: Chunk             |       |     6 |    18 |    24 ||    48
       Ration            |       |       |     1 |     2 ||     3
Armor: Robe              |     9 |    11 |    41 |     7 ||    68
       Skin              |       |     1 |     1 |       ||     2
       Steam dragon scal |       |       |       |    97 ||    97
Dodge: Dodged            |    48 |    75 |   268 |   436 ||   827
